[Event "Titled Tuesday Blitz January 03 Early 2023"]
[White "Nigmatov, Ortik"]
[Black "Mostbauer, Maximilian"]
[WhiteFideId "14202131"]
[BlackFideId "1626680"]
[WhiteElo "2438"]
[BlackElo "2167"]
[Result "1-0"]
[Round "02"]
[TimeControl "180+2"]
[Date "2023.01.03"]
[WhiteClock "0:01:36"]
[BlackClock "0:01:52"]

1. c4 e6 2. e3 b6 3. Nc3 Bb7 4. Nf3 g6 5. b3 Bg7 6. Bb2 Nf6 7. g3 O-O 8. Bg2 a5 9. O-O d6 10. d3 Nbd7 11. a3 Qe7 12. e4 h6 13. Rc1 Kh7 14. h3 e5 15. Nd5 Qd8 16. Re1 Nc5 17. d4 exd4 18. Nxd4 Re8 19. Qc2 Ne6 20. Nxe6 fxe6 21. Nxf6+ Bxf6 22. Bxf6 Qxf6 23. e5 1-0


[Site "https://www.chess.com"]

[Event "Titled Tuesday Blitz January 03 Early 2023"]
[White "Hirneise, Jens"]
[Black "Donchenko, Alexander"]
[WhiteFideId "24614734"]
[BlackFideId "24603295"]
[WhiteElo "2277"]
[BlackElo "2669"]
[Result "0-1"]
[Round "02"]
[TimeControl "180+2"]
[Date "2023.01.03"]
[WhiteClock "0:01:04"]
[BlackClock "0:01:51"]

1. Nf3 d5 2. c4 d4 3. e3 c5 4. exd4 cxd4 5. d3 Nc6 6. g3 e5 7. Bg2 Bd6 8. O-O Nge7 9. a3 a5 10. Ne1 O-O 11. Nc2 Bf5 12. Re1 Qd7 13. Qe2 Bg4 14. Qf1 Rab8 15. Nd2 b5 16. cxb5 Rxb5 17. Nc4 Bc7 18. b4 axb4 19. Nxb4 Nxb4 20. axb4 Nc6 21. f4 exf4 22. Bxf4 Rxb4 23. Rac1 Bxf4 24. Qxf4 Bh3 25. Bxh3 Qxh3 26. Nd6 Rb2 0-1


[Site "https://www.chess.com"]

[Event "Titled Tuesday Blitz January 03 Early 2023"]
[White "Costachi, Mihnea"]
[Black "Seemann, Jakub"]
[WhiteFideId "1217518"]
[BlackFideId "21874697"]
[WhiteElo "2476"]
[BlackElo "2446"]
[Result "1-0"]
[Round "02"]
[TimeControl "180+2"]
[Date "2023.01.03"]
[WhiteClock "0:00:07"]
[BlackClock "0:00:04"]

1. Nc3 Nf6 2. e4 e5 3. Bc4 Nc6 4. d3 Na5 5. Be3 c6 6. Nf3 Nxc4 7. dxc4 Bb4 8. Nxe5 d6 9. Nd3 Bxc3+ 10. bxc3 Nxe4 11. O-O O-O 12. c5 Nxc3 13. Qd2 Ne4 14. Qb4 Nxc5 15. Nxc5 dxc5 16. Bxc5 Re8 17. Rad1 Qg5 18. Be7 Qg4 19. Rd4 a5 20. Qb6 Qg6 21. Rfd1 Bh3 22. g3 h6 23. Qxb7 Qe6 24. Rh4 Bg4 25. Rc1 Bf3 26. Rf4 Bd5 27. c4 Rab8 28. Qa7 Qxe7 29. Qxe7 Rxe7 30. cxd5 cxd5 31. Rc5 Rd7 32. Rd4 a4 33. Ra5 Rb1+ 34. Kg2 Rb8 35. h4 Rc8 36. Raxa4 Rc5 37. Kf3 g6 38. Rab4 Kg7 39. h5 Rc3+ 40. Kg4 f5+ 41. Kf4 gxh5 42. Rb5 Rc2 43. f3 Rxa2 44. Rbxd5 Rxd5 45. Rxd5 Ra3 46. Rxf5 Kg6 47. Re5 Ra4+ 48. Re4 Ra6 49. Rd4 Rf6+ 50. Ke4 Re6+ 51. Kf4 Rf6+ 52. Ke3 Re6+ 53. Re4 Ra6 54. Rb4 Ra3+ 55. Kf4 Ra6 56. Rb5 Rf6+ 57. Ke4 Re6+ 58. Re5 Ra6 59. Rd5 Ra4+ 60. Rd4 Ra6 61. Ke5 Ra5+ 62. Kf4 Ra6 63. Ke3 Re6+ 64. Kf2 Ra6 65. Kg2 Ra2+ 66. Kh3 Ra3 67. Rd6+ Kg7 68. f4 Ra1 69. Rd5 Rh1+ 70. Kg2 Ra1 71. Rxh5 Kg6 72. Rc5 Ra3 73. Kh3 Ra1 74. Rc6+ Kf5 75. Rc5+ Kg6 76. Kg4 Ra2 77. Rc6+ Kg7 78. Rc7+ Kf6 79. Rc6+ Kg7 80. Re6 Kh7 81. Kf5 Kg7 82. Re7+ Kf8 83. Rb7 Ra5+ 84. Kg6 Ra6+ 85. Kh5 Ra3 86. g4 Rh3+ 87. Kg6 Rg3 88. Kf6 Kg8 89. Kf5 Ra3 90. Re7 Ra6 91. Re6 Ra5+ 92. Kg6 Kf8 93. Kxh6 Kf7 94. Rb6 Ra1 95. Kg5 Rh1 96. Rb7+ Kg8 97. f5 Rf1 98. Kg6 Ra1 99. Rb8# 1-0


[Site "https://www.chess.com"]

[Event "Titled Tuesday Blitz January 03 Early 2023"]
[White "Taichman, Ori"]
[Black "Mahdavi, Reza"]
[WhiteFideId "2804069"]
[BlackFideId "12595926"]
[WhiteElo "2299"]
[BlackElo "2339"]
[Result "0-1"]
[Round "02"]
[TimeControl "180+2"]
[Date "2023.01.03"]
[WhiteClock "0:00:06"]
[BlackClock "0:00:54"]

1. e4 c5 2. Nf3 e6 3. b3 a6 4. Bb2 Nc6 5. c4 Nf6 6. e5 Ng4 7. h3 Nh6 8. g4 d5 9. exd6 f6 10. d4 cxd4 11. Nxd4 Bxd6 12. Nxc6 bxc6 13. Bg2 O-O 14. Bxc6 Rb8 15. Ba3 Qa5+ 16. Qd2 Qe5+ 17. Kf1 Bxa3 18. Nc3 Bb4 19. Rc1 Bb7 20. Bxb7 Rxb7 21. Kg2 Nf7 22. Rhe1 Qd6 23. Qxd6 Nxd6 24. Rxe6 Kf7 25. Re2 Re8 26. Rxe8 Kxe8 27. Nd5 Bc5 28. Re1+ Kf7 29. f4 a5 30. Kf3 a4 31. bxa4 Ra7 32. a5 Rxa5 33. Re7+ Kg6 34. Rc7 Ra3+ 35. Ke2 Rxa2+ 36. Kd3 Ra3+ 37. Ke2 Ne4 38. h4 h5 39. f5+ Kh6 40. g5+ fxg5 41. hxg5+ Kxg5 42. Rxg7+ Kxf5 43. Rh7 Kg4 44. Rg7+ Kf5 45. Rh7 Kg6 46. Rh8 Bd4 47. Nf4+ Kf5 48. Rf8+ Kg4 49. Ne6 Ra2+ 50. Kd3 Nc5+ 51. Nxc5 Bxc5 52. Rg8+ Kh3 53. Ke4 Rd2 54. Kf3 h4 55. Rg5 Ba7 56. c5 Rc2 57. Rh5 Rxc5 58. Rh7 Rc3+ 59. Ke2 Bc5 60. Kf1 Kg3 61. Rg7+ Kh2 62. Rg2+ Kh1 63. Rg4 h3 64. Rh4 h2 65. Rg4 Rf3+ 66. Ke2 Rf2+ 67. Ke1 Rg2 68. Rf4 Rg5 69. Kf1 Rg1+ 70. Ke2 Kg2 71. Rg4+ Kh3 0-1


[Site "https://www.chess.com"]

[Event "Titled Tuesday Blitz January 03 Early 2023"]
[White "Kravtsiv, Martyn"]
[Black "Cappelletto, Joshuaede"]
[WhiteFideId "14113147"]
[BlackFideId "2824383"]
[WhiteElo "2598"]
[BlackElo "2266"]
[Result "1-0"]
[Round "02"]
[TimeControl "180+2"]
[Date "2023.01.03"]
[WhiteClock "0:01:22"]
[BlackClock "0:00:52"]

1. e4 c5 2. Nf3 d6 3. Bb5+ Nc6 4. O-O Bd7 5. Re1 Nf6 6. c3 a6 7. Bf1 e6 8. d4 cxd4 9. cxd4 d5 10. e5 Ne4 11. Re3 Be7 12. Nbd2 Nxd2 13. Bxd2 O-O 14. a3 Rc8 15. Bd3 Na5 16. Ne1 g6 17. Rh3 Nc4 18. Bc3 Nxa3 19. Qd2 Bg5 20. f4 Be7 21. bxa3 Rc6 22. Ba5 b6 23. Bb4 a5 24. Bxe7 Qxe7 25. Nf3 Rfc8 26. Re1 Qxa3 27. f5 exf5 28. Bb5 Rc2 29. Qh6 Bxb5 30. Ng5 Qxh3 31. gxh3 R8c7 32. Nxh7 1-0


[Site "https://www.chess.com"]

[Event "Titled Tuesday Blitz January 03 Early 2023"]
[White "Manukyan, Artyom"]
[Black "Boruchovsky, Avital"]
[WhiteFideId "13305786"]
[BlackFideId "2800055"]
[WhiteElo "2110"]
[BlackElo "2539"]
[Result "0-1"]
[Round "02"]
[TimeControl "180+2"]
[Date "2023.01.03"]
[WhiteClock "0:00:21"]
[BlackClock "0:00:49"]

1. e4 d6 2. d4 Nf6 3. Nc3 g6 4. f4 Bg7 5. Nf3 c6 6. Bd3 O-O 7. O-O b5 8. a3 Nbd7 9. Qe1 Ne8 10. e5 Nc7 11. Qh4 c5 12. Nxb5 Nxb5 13. Bxb5 cxd4 14. exd6 exd6 15. Qxd8 Rxd8 16. Rd1 Rb8 17. Bc4 Nc5 18. Nxd4 Bg4 19. Nf3 Bxf3 20. gxf3 Bxb2 21. Rb1 Bd4+ 22. Rxd4 Rxb1 23. Rd1 Rdb8 24. Kf1 Ne6 25. Ke2 Ra1 26. Bb3 Nc5 27. f5 Nxb3 28. cxb3 Rxb3 29. f6 Rb8 30. Kd2 Rc8 31. Re1 g5 32. Rg1 h6 33. h4 Kh7 34. hxg5 hxg5 35. Rh1+ Kg6 36. Rg1 Raxc1 37. Rxc1 Rxc1 38. Kxc1 Kxf6 0-1


[Site "https://www.chess.com"]

[Event "Titled Tuesday Blitz January 03 Early 2023"]
[White "Putnam, Liam"]
[Black "Colas, Joshua"]
[WhiteFideId "30938279"]
[BlackFideId "2044447"]
[WhiteElo "2285"]
[BlackElo "2342"]
[Result "1-0"]
[Round "02"]
[TimeControl "180+2"]
[Date "2023.01.03"]
[WhiteClock "0:00:11"]
[BlackClock "0:00:08"]

1. e4 c6 2. Nf3 d5 3. d3 Bg4 4. Nbd2 e6 5. h3 Bh5 6. g4 Bg6 7. Qe2 h6 8. Bg2 Nf6 9. b3 a5 10. a3 a4 11. b4 Bh7 12. Bb2 Be7 13. c4 O-O 14. Ne5 Nbd7 15. f4 Nxe5 16. Bxe5 dxe4 17. dxe4 Nd7 18. Bc3 Bh4+ 19. Kf1 f5 20. gxf5 exf5 21. e5 Qe8 22. Nf3 Be7 23. Rd1 Rd8 24. Nd4 Bh4 25. Nxc6 bxc6 26. Bxc6 Bg6 27. Rg1 Bh5 28. Qg2 g5 29. Qd5+ Kh7 30. Bxd7 Bxd1 31. fxg5 Qh5 32. g6+ Kg7 33. Rg2 Qf3+ 34. Qxf3 Bxf3 35. Rd2 Kxg6 36. e6 Bg5 37. Rd6 1-0


[Site "https://www.chess.com"]

[Event "Titled Tuesday Blitz January 03 Early 2023"]
[White "Riff, Vincent"]
[Black "Bacrot, Etienne"]
[WhiteFideId "617776"]
[BlackFideId "605506"]
[WhiteElo "2383"]
[BlackElo "2667"]
[Result "1/2-1/2"]
[Round "02"]
[TimeControl "180+2"]
[Date "2023.01.03"]
[WhiteClock "0:00:34"]
[BlackClock "0:00:05"]

1. e4 c5 2. Nc3 Nc6 3. Bb5 Nd4 4. Nf3 a6 5. Bd3 e6 6. O-O Nc6 7. Be2 Nd4 8. Nxd4 cxd4 9. Nb1 Ne7 10. c3 Nc6 11. d3 Bc5 12. c4 O-O 13. Nd2 b5 14. b3 Bb7 15. a3 bxc4 16. bxc4 Rb8 17. Rb1 Qc7 18. Nf3 Ba8 19. Rxb8 Rxb8 20. Ng5 h6 21. Nh3 Qa5 22. Bh5 Bxa3 23. Bf4 Rb2 24. Qg4 Bf8 25. Bxh6 Ne5 26. Qg3 g6 27. Bf4 Bg7 28. Bd1 Rb1 29. Ng5 d6 30. h4 Qa1 31. Bxe5 Bxe5 32. Qf3 f6 33. Nxe6 Kf7 34. Ng5+ Kg7 35. Ne6+ Kf7 36. Ng5+ Kg7 37. Ne6+ Kf7 1/2-1/2


[Site "https://www.chess.com"]

[Event "Titled Tuesday Blitz January 03 Early 2023"]
[White "Boros, Denes"]
[Black "Omelja, Artem"]
[WhiteFideId "722340"]
[BlackFideId "14119846"]
[WhiteElo "2406"]
[BlackElo "2446"]
[Result "1/2-1/2"]
[Round "02"]
[TimeControl "180+2"]
[Date "2023.01.03"]
[WhiteClock "0:02:28"]
[BlackClock "0:02:12"]

1. d4 Nf6 2. Nc3 d5 3. Bf4 c6 4. Nf3 g6 5. Qc1 Qb6 6. g3 Bg7 7. Bg2 O-O 8. O-O Bf5 9. Na4 Qa5 10. b3 Nbd7 11. Bd2 Qc7 12. Bf4 Qa5 13. Bd2 Qc7 14. Bf4 Qa5 1/2-1/2


[Site "https://www.chess.com"]

[Event "Titled Tuesday Blitz January 03 Early 2023"]
[White "Sielecki, Christof"]
[Black "Kilic, Eray"]
[WhiteFideId "4620437"]
[BlackFideId "44517173"]
[WhiteElo "2419"]
[BlackElo "2414"]
[Result "0-1"]
[Round "02"]
[TimeControl "180+2"]
[Date "2023.01.03"]
[WhiteClock "0:00:25"]
[BlackClock "0:00:22"]

1. e4 c5 2. Nf3 d6 3. Bb5+ Nd7 4. c3 Nf6 5. Qe2 a6 6. Ba4 b5 7. Bc2 c4 8. b3 cxb3 9. axb3 Bb7 10. O-O e5 11. d4 Be7 12. Rd1 Qc7 13. Bd3 O-O 14. Bb2 Rfe8 15. Nbd2 Bf8 16. d5 g6 17. b4 Bg7 18. c4 bxc4 19. Bxc4 Qb6 20. Ba3 Rec8 21. Rdc1 Bh6 22. Rc2 Rc7 23. Nb3 Rac8 24. Na5 Ba8 25. Raa2 Nb8 26. g3 Ng4 27. Kg2 f5 28. Nh4 Nf6 29. f3 fxe4 30. fxe4 Rf8 31. Bb3 Rcf7 32. Nc6 Kh8 33. Bc1 Bxc1 34. Rxc1 Nxc6 35. dxc6 Rc7 36. Bd5 Bxc6 37. Rac2 Nxd5 38. exd5 Bxd5+ 39. Kh3 Be6+ 40. g4 Rxc2 41. Rxc2 Qxb4 0-1


[Site "https://www.chess.com"]

[Event "Titled Tuesday Blitz January 03 Early 2023"]
[White "Arias, Juan Cruz"]
[Black "Tan, Zhongyi"]
[WhiteFideId "118540"]
[BlackFideId "8603642"]
[WhiteElo "2320"]
[BlackElo "2517"]
[Result "1/2-1/2"]
[Round "02"]
[TimeControl "180+2"]
[Date "2023.01.03"]
[WhiteClock "0:00:31"]
[BlackClock "0:00:49"]

1. d4 Nf6 2. Nf3 b6 3. e3 Bb7 4. Bd3 g6 5. c4 Bg7 6. Nc3 d5 7. cxd5 Nxd5 8. O-O O-O 9. e4 Nxc3 10. bxc3 c5 11. Bb2 cxd4 12. cxd4 Nc6 13. Qa4 a6 14. Rad1 b5 15. Qa3 Qd6 16. Qxd6 exd6 17. Rd2 Rac8 18. d5 Na5 19. Bxg7 Kxg7 20. Nd4 Rc3 21. f4 Rfc8 22. Kf2 Nc4 23. Bxc4 R8xc4 24. Rfd1 b4 25. Re1 a5 26. Nb3 a4 27. Na5 Rc7 28. Nxb7 Rxb7 29. e5 b3 30. axb3 axb3 31. exd6 Rd7 32. Re3 Rxe3 33. Kxe3 Rxd6 34. Kd4 Kf8 35. Rb2 Rb6 36. Kc5 Rb8 37. Kc4 Ke7 38. Rxb3 Rc8+ 39. Kd3 Rc1 40. Rb7+ Kf6 41. Ke3 Rd1 42. Rb6+ Ke7 43. Rb7+ Kf6 44. Rb6+ Ke7 45. Rb7+ Kf6 1/2-1/2


[Site "https://www.chess.com"]

[Event "Titled Tuesday Blitz January 03 Early 2023"]
[White "Shipov, Sergei"]
[Black "Ezat, Mohamed"]
[WhiteFideId "4113624"]
[BlackFideId "10600906"]
[WhiteElo "2541"]
[BlackElo "2402"]
[Result "1-0"]
[Round "02"]
[TimeControl "180+2"]
[Date "2023.01.03"]
[WhiteClock "0:00:16"]
[BlackClock "0:00:04"]

1. d4 Nf6 2. c4 g6 3. Nc3 Bg7 4. e4 d6 5. Be2 O-O 6. Nf3 e5 7. Be3 exd4 8. Nxd4 Re8 9. f3 c6 10. Bf2 d5 11. exd5 cxd5 12. O-O Nc6 13. c5 Re5 14. a3 Nh5 15. g3 Bh3 16. Re1 Nf6 17. Qd2 Qf8 18. b4 Bh6 19. Qb2 Rae8 20. Ncb5 Be3 21. Nxc6 bxc6 22. Nd6 Qh6 23. Bd3 Bxf2+ 24. Qxf2 R8e7 25. Rxe5 Rxe5 26. Re1 Nd7 27. f4 Rxe1+ 28. Qxe1 Qg7 29. Bf1 Qd4+ 30. Qf2 Qa1 31. b5 Bxf1 32. Qxf1 Qd4+ 33. Qf2 Qd1+ 34. Kg2 cxb5 35. c6 1-0


[Site "https://www.chess.com"]

[Event "Titled Tuesday Blitz January 03 Early 2023"]
[White "Koutlas, Nikolaos"]
[Black "Rustemov, Alexander"]
[WhiteFideId "25827138"]
[BlackFideId "4119002"]
[WhiteElo "2341"]
[BlackElo "2525"]
[Result "0-1"]
[Round "02"]
[TimeControl "180+2"]
[Date "2023.01.03"]
[WhiteClock "0:00:02"]
[BlackClock "0:00:06"]

1. a3 d5 2. d4 Nf6 3. Nf3 Bf5 4. Bf4 e6 5. h3 c5 6. e3 Nc6 7. c4 Qb6 8. b4 cxb4 9. c5 Qd8 10. axb4 Be7 11. b5 Nb4 12. Na3 O-O 13. Nh4 Ne4 14. Nxf5 exf5 15. Be2 a5 16. b6 Bg5 17. Bc7 Qf6 18. Be5 Qh6 19. O-O f4 20. exf4 Bxf4 21. Bxf4 Qxf4 22. Nb5 Nc6 23. Nc7 Rad8 24. Qc1 Qf6 25. Rd1 Nxd4 26. Qe3 Nc2 27. Qf3 Nxa1 28. Qxf6 Nxf6 29. Rxa1 d4 30. Rxa5 d3 31. Bd1 Ne4 32. Kf1 Nc3 33. Bf3 d2 34. g3 d1=Q+ 35. Bxd1 Rxd1+ 36. Kg2 Nd5 37. Nb5 Rc1 38. Nd6 Rb8 39. Nxb7 g6 40. Ra7 Nb4 41. Nd6 Rxc5 42. b7 Nc6 43. Ra6 Kg7 44. h4 h5 45. Kf1 Rc2 46. Ke1 Rd8 47. Ne4 Rd4 48. Kf1 Rb4 49. Rxc6 Rxc6 0-1


[Site "https://www.chess.com"]

[Event "Titled Tuesday Blitz January 03 Early 2023"]
[White "Yuan, Qingyu"]
[Black "Bodnaruk, Anastasia"]
[WhiteFideId "8609772"]
[BlackFideId "4181751"]
[WhiteElo "2373"]
[BlackElo "2350"]
[Result "1-0"]
[Round "02"]
[TimeControl "180+2"]
[Date "2023.01.03"]
[WhiteClock "0:00:08"]
[BlackClock "0:00:01"]

1. e4 c5 2. Nf3 d6 3. Bb5+ Bd7 4. Bxd7+ Qxd7 5. c4 Nf6 6. Nc3 g6 7. d4 cxd4 8. Nxd4 Bg7 9. f3 O-O 10. Be3 Nc6 11. O-O e6 12. Qd2 Rfd8 13. Rad1 d5 14. cxd5 exd5 15. Nxc6 bxc6 16. e5 Ne8 17. f4 f6 18. Bd4 f5 19. Na4 Nc7 20. Nc5 Qe7 21. Nb7 Rdb8 22. Bc5 Qd7 23. Nd6 Ne6 24. b4 a5 25. a3 axb4 26. axb4 Bf8 27. Ra1 Qd8 28. g3 Be7 29. h4 h5 30. Kg2 Kg7 31. Kh3 Qd7 32. Qc3 Qd8 33. Rxa8 Rxa8 34. Ra1 Kf8 35. Ra3 Nc7 36. e6 Kg8 37. Nf7 d4 38. Rxa8 Nxa8 39. Qa3 d3 40. Nxd8 1-0


[Site "https://www.chess.com"]

[Event "Titled Tuesday Blitz January 03 Early 2023"]
[White "Zemlyanskii, Ivan"]
[Black "Hnydiuk, Aleksander"]
[WhiteFideId "24249971"]
[BlackFideId "1109057"]
[WhiteElo "2300"]
[BlackElo "2363"]
[Result "1-0"]
[Round "02"]
[TimeControl "180+2"]
[Date "2023.01.03"]
[WhiteClock "0:01:29"]
[BlackClock "0:00:26"]

1. d4 Nf6 2. c4 g6 3. Nc3 Bg7 4. e4 O-O 5. Nf3 d6 6. Be2 e5 7. O-O Bg4 8. Be3 Bxf3 9. Bxf3 exd4 10. Bxd4 Nc6 11. Be3 Re8 12. Qc2 Nd7 13. Rad1 a5 14. Rfe1 Nb4 15. Qb1 Rb8 16. Nd5 Ne5 17. Be2 c6 18. Bb6 Qd7 19. Bxa5 cxd5 20. Bxb4 Nc6 21. Ba3 d4 22. Bd3 Ne5 23. b3 Nxd3 24. Qxd3 Ra8 25. Bb2 Rxa2 26. Bxd4 1-0


[Site "https://www.chess.com"]

[Event "Titled Tuesday Blitz January 03 Early 2023"]
[White "Mendez Fortes, Eduardo Jesus"]
[Black "Harsh Suresh"]
[WhiteFideId "3502376"]
[BlackFideId "45018464"]
[WhiteElo "2250"]
[BlackElo "2298"]
[Result "0-1"]
[Round "02"]
[TimeControl "180+2"]
[Date "2023.01.03"]
[WhiteClock "0:00:16"]
[BlackClock "0:00:16"]

1. e4 c6 2. d4 d5 3. Nc3 dxe4 4. Nxe4 Bf5 5. Ng3 Bg6 6. Nh3 e6 7. Nf4 Bd6 8. Bc4 Ne7 9. Qe2 O-O 10. Nxg6 hxg6 11. c3 Nd7 12. Bg5 Qc7 13. Ne4 Nd5 14. g3 Rfe8 15. O-O-O b5 16. Bd3 e5 17. Nxd6 Qxd6 18. Qg4 e4 19. Bc2 N7f6 20. Qe2 a5 21. h4 a4 22. Qd2 a3 23. b3 b4 24. cxb4 Nxb4 25. Kb1 Nfd5 26. h5 f6 27. hxg6 fxg5 28. Qxg5 Nc3+ 29. Ka1 Nxc2# 0-1


[Site "https://www.chess.com"]

[Event "Titled Tuesday Blitz January 03 Early 2023"]
[White "Beerdsen, Thomas"]
[Black "Slade, Theodore"]
[WhiteFideId "1030108"]
[BlackFideId "426547"]
[WhiteElo "2507"]
[BlackElo "1995"]
[Result "1-0"]
[Round "02"]
[TimeControl "180+2"]
[Date "2023.01.03"]
[WhiteClock "0:00:06"]
[BlackClock "0:00:02"]

1. e4 e5 2. Nf3 Nc6 3. c3 d5 4. Qa4 f6 5. d3 Be6 6. Be2 Qd7 7. O-O Bc5 8. b4 Bb6 9. Nbd2 Nge7 10. b5 Na5 11. d4 exd4 12. cxd4 O-O 13. Ba3 Rfe8 14. Rfe1 a6 15. e5 axb5 16. Bxb5 c6 17. Bd3 Nc4 18. Qb4 Ba5 19. Qb3 Nxd2 20. Nxd2 Bxd2 21. Re2 Bf4 22. exf6 gxf6 23. Rae1 Ng6 24. g3 Bh6 25. h4 Bf7 26. h5 Nf8 27. Re7 Qg4 28. Qxb7 Rxe7 29. Rxe7 Qd1+ 30. Bf1 Rxa3 31. Rxf7 Qxh5 32. Rxf6 Rxa2 33. Qxc6 Bg7 34. Rf4 Qg5 35. Qb5 Rd2 36. Kg2 Rxd4 37. Rf3 Rd2 38. Bc4 Qg6 39. Bxd5+ Kh8 40. Bf7 Qg5 41. Qxg5 Ne6 42. Qxd2 1-0


[Site "https://www.chess.com"]

[Event "Titled Tuesday Blitz January 03 Early 2023"]
[White "Gurevich, Dmitry"]
[Black "Krivonosov, Oleg"]
[WhiteFideId "2000407"]
[BlackFideId "11600349"]
[WhiteElo "2393"]
[BlackElo "2359"]
[Result "1/2-1/2"]
[Round "02"]
[TimeControl "180+2"]
[Date "2023.01.03"]
[WhiteClock "0:01:06"]
[BlackClock "0:01:41"]

1. d4 d5 2. c4 e6 3. Nc3 Be7 4. Nf3 Nf6 5. g3 O-O 6. Bg2 Nbd7 7. cxd5 exd5 8. O-O c6 9. Rb1 a5 10. Bf4 Re8 11. a3 Nf8 12. b4 axb4 13. axb4 Bf5 14. Rb3 b5 15. Ne5 Ra6 16. Qd2 Ng6 17. Rc1 Bd6 18. Nxg6 hxg6 19. Bxd6 Qxd6 20. Qf4 Qxf4 21. gxf4 Ne4 22. Nxe4 Bxe4 23. Bxe4 Rxe4 24. e3 Kf8 25. Rbc3 Re6 26. Rb3 Ke7 27. Rcc3 Ra4 28. Kg2 Kd6 29. Kf3 Re8 30. Rb1 Rh8 31. Kg3 Rha8 32. Rbc1 R8a6 33. Rb1 Ra3 34. Rxa3 Rxa3 35. h4 Ra2 36. Kf3 Ke6 37. Rc1 Kd6 38. Rb1 Ke6 39. Rc1 Kd6 40. Rb1 1/2-1/2


[Site "https://www.chess.com"]

[Event "Titled Tuesday Blitz January 03 Early 2023"]
[White "Borges Feria, Yasel"]
[Black "Fernandez Garcia, Gumersindo"]
[WhiteFideId "3504921"]
[BlackFideId "24516740"]
[WhiteElo "2439"]
[BlackElo "2160"]
[Result "1/2-1/2"]
[Round "02"]
[TimeControl "180+2"]
[Date "2023.01.03"]
[WhiteClock "0:01:09"]
[BlackClock "0:00:47"]

1. e4 c5 2. Nf3 e6 3. d3 g6 4. g3 Bg7 5. Bg2 Ne7 6. h4 h6 7. O-O O-O 8. Re1 d6 9. c3 Nbc6 10. Na3 b6 11. d4 cxd4 12. cxd4 d5 13. e5 Ba6 14. Nc2 Rc8 15. Ne3 Qd7 16. Bd2 Nf5 17. Nxf5 exf5 18. Be3 Nd8 19. Qd2 Kh7 20. Rec1 Ne6 21. Rxc8 Rxc8 22. Rc1 Bf8 23. Bh3 Rxc1+ 24. Qxc1 Qc8 25. Qxc8 Bxc8 26. Bf1 Bd7 27. Bd3 Bc6 28. Kf1 Be7 29. h5 Kg7 30. hxg6 fxg6 31. Nd2 Bb4 32. Nb1 a5 33. f4 Nc7 34. a3 Be7 35. Nc3 Kf7 36. Ke2 Ke6 37. Kd2 g5 38. Ke2 g4 39. Bd2 h5 40. Be1 Bd8 41. Bf2 Be7 42. Be1 Bd8 43. Bf2 Be7 44. Be1 1/2-1/2


[Site "https://www.chess.com"]

[Event "Titled Tuesday Blitz January 03 Early 2023"]
[White "Mekhitarian, Krikor Sevag"]
[Black "Karas, Marek"]
[WhiteFideId "2107660"]
[BlackFideId "14928558"]
[WhiteElo "2537"]
[BlackElo "2227"]
[Result "1-0"]
[Round "02"]
[TimeControl "180+2"]
[Date "2023.01.03"]
[WhiteClock "0:00:05"]
[BlackClock "0:00:04"]

1. e4 e6 2. d3 d5 3. Nc3 dxe4 4. dxe4 Qxd1+ 5. Nxd1 e5 6. Bc4 Nf6 7. f3 Bc5 8. Be3 Bxe3 9. Nxe3 Nc6 10. Ne2 Be6 11. Bxe6 fxe6 12. c3 O-O-O 13. a4 Nd7 14. b4 a5 15. b5 Ne7 16. Nc4 b6 17. Nc1 Nc5 18. Nxe5 Rhf8 19. Ke2 g5 20. Ncd3 Nxd3 21. Nxd3 Ng6 22. Rhd1 Rd6 23. g3 e5 24. Nf2 h5 25. Rxd6 cxd6 26. Nd1 Kd7 27. Ne3 Ne7 28. Nc4 Nc8 29. Rd1 Ke6 30. Ne3 Ne7 31. Rh1 Rc8 32. c4 Rg8 33. Kf2 Rf8 34. Kg2 h4 35. Rd1 Rc8 36. Kh3 Rh8 37. Kg2 Rc8 38. Rd2 Rh8 39. Nd5 Nc8 40. Rf2 hxg3 41. hxg3 Rh7 42. Rf1 Kf7 43. Rh1 Rxh1 44. Kxh1 g4 45. f4 Kg6 46. Kg2 Kf7 47. Ne3 exf4 48. gxf4 Ne7 49. Nxg4 Ng6 50. Kg3 Ne7 51. Ne3 Ke6 52. Kf3 Ng8 53. Nd5 Kd7 54. Nxb6+ Kc7 55. Nd5+ Kd7 56. f5 Nh6 57. Kf4 Nf7 58. f6 Ne5 59. Kf5 Ke8 60. Ke6 Nxc4 61. b6 Nxb6 62. Nxb6 Kd8 63. Nd5 Ke8 64. Kxd6 Kf7 65. e5 Ke8 66. e6 1-0


[Site "https://www.chess.com"]

[Event "Titled Tuesday Blitz January 03 Early 2023"]
[White "Blanco Acevedo, Cristobal Jose"]
[Black "Avila Pavas, Santiago"]
[WhiteFideId "3900525"]
[BlackFideId "4437128"]
[WhiteElo "2310"]
[BlackElo "2522"]
[Result "0-1"]
[Round "02"]
[TimeControl "180+2"]
[Date "2023.01.03"]
[WhiteClock "0:00:06"]
[BlackClock "0:01:18"]

1. e4 Nf6 2. e5 Nd5 3. d4 d6 4. exd6 cxd6 5. Bd3 g6 6. Ne2 Bg7 7. c3 O-O 8. O-O Nc6 9. Be4 Nf6 10. Bf3 e5 11. Nd2 Be6 12. Bxc6 bxc6 13. dxe5 dxe5 14. Ng3 Nd5 15. Nde4 f5 16. Ng5 Bd7 17. c4 Nb6 18. Qb3 h6 19. Nf3 e4 20. Ne1 Be6 21. Ne2 Bxc4 22. Qc2 Qc8 23. Be3 Qa6 24. Bxb6 Bxe2 25. Bc5 Bxf1 26. Bxf8 Rxf8 27. g3 Bd3 28. Qb3+ Qc4 29. Qa3 Qb5 30. Ng2 Qxb2 31. Qxb2 Bxb2 32. Rd1 c5 33. Nf4 c4 34. Nxg6 c3 35. Nf4 c2 36. Re1 c1=Q 37. Nxd3 Qd2 0-1


[Site "https://www.chess.com"]

[Event "Titled Tuesday Blitz January 03 Early 2023"]
[White "Mohammed, Zozek Salah Mohammed"]
[Black "Kaasen, Tor Fredrik"]
[WhiteFideId "4803361"]
[BlackFideId "1516647"]
[WhiteElo "2210"]
[BlackElo "2480"]
[Result "1/2-1/2"]
[Round "02"]
[TimeControl "180+2"]
[Date "2023.01.03"]
[WhiteClock "0:00:08"]
[BlackClock "0:00:09"]

1. d4 Nf6 2. Nf3 g6 3. g3 Bg7 4. Bg2 O-O 5. O-O d6 6. c4 Nc6 7. Nc3 e5 8. Qd3 exd4 9. Nxd4 Nxd4 10. Qxd4 Be6 11. Qd3 Nd7 12. b3 Nc5 13. Qd2 a5 14. Bb2 a4 15. Nxa4 Nxa4 16. Bxg7 Kxg7 17. bxa4 Rxa4 18. Bxb7 Qf6 19. Bd5 Bxd5 20. cxd5 Rfa8 21. Qc2 R8a7 22. Rfc1 h5 23. Qc3 Rd4 24. Qe3 h4 25. a4 Qe5 26. a5 Qxe3 27. fxe3 Rxd5 28. a6 hxg3 29. hxg3 Rd2 30. Kf2 Rb2 31. Rc6 Kf6 32. Rxc7 Rxc7 33. a7 Rc8 34. a8=Q Rxa8 35. Rxa8 Rb5 36. Ra6 Rf5+ 37. Kg2 Ke6 38. Ra4 Re5 39. Kf3 f5 40. e4 Rc5 41. exf5+ gxf5 42. e3 Ke5 43. Rh4 Rc3 44. Rh8 d5 45. Re8+ Kf6 46. Rd8 Ke6 47. Re8+ Kd7 48. Rf8 Ke6 49. Re8+ Kf6 50. Rd8 Rd3 51. Kf4 Rd1 52. Rd6+ Ke7 53. Ke5 Re1 54. Rxd5 Rxe3+ 55. Kxf5 Rxg3 56. Ra5 Rg1 57. Ra2 Kd6 58. Rb2 Rf1+ 59. Ke4 Re1+ 60. Kd3 Re5 61. Kc2 Rc5+ 62. Kb3 Kc6 63. Rc2 Rxc2 64. Kxc2 1/2-1/2


[Site "https://www.chess.com"]

[Event "Titled Tuesday Blitz January 03 Early 2023"]
[White "Zohid6"]
[Black "Rodrigues, Bruno Morado"]
[BlackFideId "2115654"]
[WhiteElo "2748"]
[BlackElo "2033"]
[Result "1-0"]
[Round "02"]
[TimeControl "180+2"]
[Date "2023.01.03"]
[WhiteClock "0:00:25"]
[BlackClock "0:00:05"]

1. d4 d5 2. Nc3 Nf6 3. Bf4 Bf5 4. e3 e6 5. Nf3 Bd6 6. Ne5 Nbd7 7. g4 Bxe5 8. dxe5 Nxg4 9. h3 Ngxe5 10. Rg1 Qf6 11. Be2 h6 12. Nb5 O-O 13. Nxc7 Rac8 14. Nb5 Bxc2 15. Qd2 Bd3 16. Nd4 Bxe2 17. Qxe2 Ng6 18. Bh2 e5 19. Nb3 d4 20. Bg3 Nh4 21. Bxh4 Qxh4 22. exd4 exd4 23. Qg4 Qxg4 24. Rxg4 d3 25. Rb4 b6 26. Rd1 Ne5 27. Re4 Nc4 28. Rxd3 Nxb2 29. Rd2 Nc4 30. Rd7 a5 31. Nd4 Rfe8 32. Rxe8+ Rxe8+ 33. Kf1 Re5 34. Nc6 Rc5 35. Ne7+ Kf8 36. Rb7 Nd6 37. Rd7 Nb5 38. Nd5 g6 39. Nxb6 Rc1+ 40. Kg2 Rc2 41. a4 Nc3 42. Nc4 Nxa4 43. Nd6 Rd2 44. Rxf7+ Kg8 45. Rf6 Kg7 46. Ne8+ Kh7 47. Ra6 Re2 48. Ra7+ Kh8 49. Nf6 Re7 1-0


[Site "https://www.chess.com"]